 Dungeon Crawl Stone Soup version 0.17-a0-227-gf5308cc (webtiles) character file.

14360 Pikaro the Imperceptible (level 12, 0/105 HPs)
             Began as an Octopode Assassin on Mar 29, 2015.
             Was an Elder of Dithmenos.
             Succumbed to a killer bee's poison
             ... on level 9 of the Dungeon.
             The game lasted 01:09:03 (19532 turns).

Pikaro the Imperceptible (Octopode Assassin)       Turns: 19532, Time: 01:09:04

Health: 0/105      AC: 26    Str: 11    XL:     12   Next: 15%
Magic:  12/12      EV:  2    Int: 13    God:    Dithmenos [****..]
Gold:   650        SH:  0    Dex: 18    Spells: 0 memorised, 11 levels left

rFire  . . .     SeeInvis .     b - +0 blowgun
rCold  + . .     Clarity  .     (no shield)
rNeg   + + +     SustAb   .     (helmet currently unavailable)
rPois  +         Gourm    .     w - amulet of resist mutation {rMut, !d}
rElec  .         Spirit   .     l - ring of stealth (curse) {Stlth+}
rCorr  .         Warding  .     z - ring of protection from cold {rC+, !d}
rMut   +         NoTele   +     d - ring of wizardry {Wiz+, !d}
MR     .....                    (no ring)
Stlth  ++++++++++               (no ring)
                                (no ring)
                                (no ring)
                                (no ring)

@: lethally poisoned (0 -> -3), exhausted, tree-form, slowed, wreathed by umbra,
very slow, not resistant to hostile enchantments, uncannily stealthy
A: almost no armour, amphibious, 8 rings, (constrict 8), (icy blue scales 0),
(camouflage 0), spit poison 2, (gelatinous body 0)
a: Spit Poison, Shadow Step, Renounce Religion


You were on level 9 of the Dungeon.
You worshipped Dithmenos.
Dithmenos was greatly pleased with you.
You were very hungry.
You were a tree.
You visited 2 branches of the dungeon, and saw 12 of its levels.
You also visited: Sewer, Ossuary and Bailey.

You collected 650 gold pieces.

Inventory:

Hand weapons
 a - a +2 dagger of electrocution
   (You took it off Dowan on level 6 of the Dungeon)
 b - a +0 blowgun (weapon)
 H - the +8 rapier "Orb Guardian's Regret" {holy, rF- MR++ Str+2 SInv}
   (You found it on level 5 of the Dungeon)

   It has been blessed by the Shining One to cause great damage to the undead
   and demons.
   It affects your strength (+2).
   It makes you vulnerable to fire.
   It affects your resistance to hostile enchantments.
   It enhances your eyesight.
Missiles
 e - a poisoned needle
 f - 4 curare-tipped needles (quivered)
 r - 18 arrows of dispersal {=f}
 u - 72 arrows
 J - 4 needles of confusion
 K - 11 arrows of frost
Armour
 M - a +0 buckler
   (You found it on level 11 of the Dungeon)
Jewellery
 d - a ring of wizardry (on tentacle) {Wiz+, !d}
   (You found it on level 7 of the Dungeon)
 l - a cursed ring of stealth (left branch) {Stlth+}
   (You found it on level 1 of the Dungeon)
 t - an uncursed ring of teleportation {+/*tele, !d}
   (You found it on level 3 of the Dungeon)
 w - an amulet of resist mutation (around neck) {rMut, !d}
   (You found it on level 4 of the Dungeon)
 z - a ring of protection from cold (right branch) {rC+, !d}
   (You found it in a sewer)
Magical devices
 q - a wand of digging (24)
   (You took it off Grinder on level 3 of the Dungeon)
 y - a wand of digging (14)
   (You found it on level 9 of the Dungeon)
 N - a wand of hasting (3)
   (You found it on level 9 of the Dungeon)
Scrolls
 n - a scroll of holy word {!r}
 p - a scroll of remove curse
 x - 5 scrolls of recharging
 D - a scroll of fog
 F - 2 scrolls of teleportation
 G - a scroll of blinking {!r}
 P - a scroll of brand weapon {unknown}
Potions
 c - a potion of restore abilities
 h - a potion of agility
 m - 2 potions of haste
 s - a potion of flight
 A - 4 potions of magic
 B - a potion of brilliance
 C - 3 potions of might
 E - a potion of lignification {!q}
Comestibles
 g - 9 bread rations
 i - 3 slices of pizza
 k - 5 beef jerkies
 o - 5 meat rations
 I - a royal jelly
 Q - 2 fruits


   Skills:
 - Level 2.0 Fighting
 - Level 10.0 Short Blades
 - Level 2.0 Throwing
 - Level 1.0 Dodging
 + Level 21.5 Stealth


You had 11 spell levels left.
You didn't know any spells.

Dungeon Overview and Level Annotations

Branches:
Dungeon (11/15)            Temple (1/1) D:6             Orc (0/4) D:11
   Lair: D:8-11

Altars:
Ashenzari
Cheibriados
Dithmenos
Elyvilon
Fedhas
Gozag
Kikubaaqudgha
Makhleb
Nemelex Xobeh
Okawaru
Qazlal
Ru
Sif Muna
Trog
Vehumet
Xom
Yredelemnul
Zin
The Shining One

Shops:
D:6 *   D:8 [

Annotations:
D:11 Joseph


Innate Abilities, Weirdness & Mutations

You cannot wear most types of armour.
You are amphibious.
You can wear up to eight rings at the same time.
((You can use your tentacles to constrict many enemies at once.))
((Your skin changes colour to match your surroundings (Stealth).))
((Your rubbery body absorbs attacks (AC +1).))
((You are partially covered in icy blue scales (AC +1).))
You can spit poison.


Message History

You are more poisoned.
The killer bee poisons you!
You take 7 damage, and have 17/70 hp.
HP below 25%!
Drink which item? (? for menu, Esc to quit)
Okay, then.
Quiver which item? (- for none, * to show all) (? for menu, Esc to quit)
Quivering
f - 5 curare-tipped needles for blowguns.
Aim: a killer bee (umbra)
You shoot a curare-tipped needle.
The curare-tipped needle hits the killer bee.
The killer bee is poisoned.
The killer bee convulses.
The killer bee seems to slow down.
You feel sick. The killer bee completely misses you. The killer bee stings you.
* * * LOW HITPOINT WARNING * * *
You are lethally poisoned!
The killer bee poisons you!
You take 4 damage, and have 13/70 hp.
* * * LOW HITPOINT WARNING * * *
You feel sick.
You take 2 damage, and have 11/70 hp.
* * * LOW HITPOINT WARNING * * *
You feel sick. The killer bee stings you.
* * * LOW HITPOINT WARNING * * *
You take 4 damage, and have 7/70 hp.
* * * LOW HITPOINT WARNING * * *
You feel sick.
You kill the killer bee!
You take 1 damage, and have 6/70 hp.
You are alive.
You are lethally poisoned (6 -> -7).
You are wreathed by an umbra.
You have 6 tentacles available for constriction.
Your movement speed is average.
Your attack speed is above average.
You are not resistant to hostile enchantments.
You feel uncannily stealthy.
Drink which item? (? for menu, Esc to quit)
It was a potion of berserk rage.
A red film seems to cover your vision as you go berserk!
You feel yourself moving faster!
You feel mighty!
* * * LOW HITPOINT WARNING * * *
You feel sick.
You now have 8/105 hp.
You are too berserk!
You are too berserk!
You feel a strong urge to attack something.
* * * LOW HITPOINT WARNING * * *
You feel sick.
You take 1 damage, and have 7/105 hp.
* * * LOW HITPOINT WARNING * * *
You feel sick.
You take 1 damage, and have 6/105 hp.
You feel your anger subside.
* * * LOW HITPOINT WARNING * * *
You feel sick.
You are alive.
Expiring: You are possessed by a berserker rage.
You are lethally poisoned (6 -> -2).
You are wreathed by an umbra.
You have 6 tentacles available for constriction.
Your movement speed is very quick.
Your attack speed is above average.
You are not resistant to hostile enchantments.
You feel extremely unstealthy.
You are no longer berserk.
You are exhausted.
You feel yourself slow down.
You are feeling very hungry.
* * * LOW HITPOINT WARNING * * *
You feel sick.
You now have 3/70 hp.
You are alive.
You are lethally poisoned (3 -> -6).
You are exhausted.
You are slowed.
You are wreathed by an umbra.
You have 6 tentacles available for constriction.
Your movement speed is very slow.
Your attack speed is above average.
You are not resistant to hostile enchantments.
You feel uncannily stealthy.
Drink which item? (? for menu, Esc to quit)
Okay, then.
Drink which item? (? for menu, Esc to quit)
Okay, then.
Drink which item? (? for menu, Esc to quit)
Really quaff
E - 2 potions of lignification {!q}?
You turn into a tree.
Your roots penetrate the ground.
* * * LOW HITPOINT WARNING * * *
You feel sick.
You now have 3/105 hp.
You are alive.
You are lethally poisoned (3 -> -3).
You are exhausted.
You are a tree.
You are slowed.
You are wreathed by an umbra.
Your movement speed is very slow.
Your attack speed is above average.
You are not resistant to hostile enchantments.
You feel uncannily stealthy.
* * * LOW HITPOINT WARNING * * *
You feel sick.
You take 1 damage, and have 2/105 hp.
* * * LOW HITPOINT WARNING * * *
You feel sick.
You take 1 damage, and have 1/105 hp.
You die...

#(# #..# #.# #..#
#†#############..#
#................#
#.................
#.##############..
#.# #.. #.# #..
#♣# #..
#.##############..
#.................
##################


There were no monsters in sight!

Vanquished Creatures
  Gastronok (D:10)
  2 unseen horrors
  The ghost of nataq the Skirmisher, an experienced DsAs of Xom (Bailey)
  A hill giant (D:10)
  An ugly thing (D:11)
  A manticore (D:11)
  An orc knight (Bailey)
  Maurice (D:9)
  A queen ant (D:8)
  The ghost of BluebellGnoll the Firebug, an experienced OpFE (D:5)
  A troll (D:8)
  2 two-headed ogres (D:10)
  Grinder (D:3)
  A spriggan (D:7)
  4 hippogriffs
  2 wandering mushrooms (D:8)
  A mottled dragon (D:11)
  4 soldier ants (D:8)
  The ghost of Pikaro the Sneak, an average OpAs (D:4)
  A water moccasin (D:9)
  3 sky beasts
  A phantom (D:8)
  2 ice beasts
  9 orc warriors
  3 ogres
  10 centaurs
  Sigmund (D:4)
  Duvessa (D:6)
  6 giant frogs
  A gnoll sergeant (D:6)
  A big kobold (D:8)
  2 scorpions
  Dowan (D:6)
  7 crimson imps
  7 killer bees
  2 electric eels (D:8)
  3 goliath beetles
  2 centaur zombies (Ossuary)
  A quasit (D:9)
  2 giant frog zombies
  3 hounds
  4 orc priests
  4 jellies
  25 worker ants
  A centaur skeleton (D:11)
  7 orc wizards
  6 iguanas
  2 big kobold zombies (Ossuary)
  A hound zombie (D:8)
  2 hound skeletons
  8 mummies
  Robin (D:3)
  12 gnolls
  19 adders
  A giant mite (D:5)
  6 river rats
  8 worms
  An adder zombie (D:8)
  An adder skeleton (D:6)
  An ooze (D:1)
  56 orcs
  15 ball pythons
  5 bat zombies
  6 giant cockroaches
  27 goblins
  18 hobgoblins
  18 jackals
  24 kobolds
  2 quokkas
  20 bats
  6 giant geckos
  A giant gecko skeleton (D:8)
  A giant gecko zombie (D:5)
  8 giant newts
  6 hobgoblin zombies (Ossuary)
  A jackal zombie (D:7)
  A quokka skeleton (D:9)
  39 rats
  A rat zombie (D:6)
  33 ballistomycetes
495 creatures vanquished.

Vanquished Creatures (others)
  The ghost of BluebellGnoll the Thaumaturge, a powerful OpFE of Vehumet (D:11)
  A soldier ant (D:8)
  A worker ant (D:8)
  A giant cockroach (D:4)
  7 giant spores
  6 ballistomycetes (D:8)
  3 fungi (D:8)
  5 plants (D:10)
25 creatures vanquished.

Grand Total: 520 creatures vanquished

Notes
Turn   | Place    | Note
--------------------------------------------------------------
     0 | D:1      | Pikaro, the Octopode Assassin, began the quest for the Orb.
     0 | D:1      | Reached XP level 1. HP: 14/14 MP: 1/1
   120 | D:1      | Reached XP level 2. HP: 10/19 MP: 2/2
   435 | D:1      | Reached skill level 3 in Short Blades
   827 | D:1      | Reached XP level 3. HP: 24/24 MP: 3/3
   973 | D:2      | HP: 6/24 [poisoned by an adder]
   981 | D:2      | HP: 5/24 [poisoned by an adder]
  1291 | D:2      | Found a stormy altar of Qazlal.
  1347 | D:2      | Reached skill level 4 in Short Blades
  1513 | D:2      | Reached XP level 4. HP: 29/29 MP: 4/4
  2346 | D:3      | Noticed Grinder
  2351 | D:3      | Killed Grinder
  2351 | D:3      | Reached skill level 6 in Short Blades
  2351 | D:3      | Reached XP level 5. HP: 34/34 MP: 5/5
  2351 | D:3      | Reached XP level 6. HP: 39/39 MP: 6/6
  2628 | D:3      | Found an iron altar of Okawaru.
  2959 | D:3      | Noticed a sky beast
  2982 | D:3      | HP: 4/39 [something (6)]
  2984 | D:3      | Killed a sky beast
  2984 | D:3      | Reached skill level 7 in Short Blades
  2984 | D:3      | Reached XP level 7. HP: 31/45 MP: 7/7
  2997 | D:3      | Gained mutation: You can spit weak poison. [mutagenic meat]
  2998 | D:3      | Gained mutation: You can spit poison. [mutagenic meat]
  3295 | D:4      | Noticed Robin
  3474 | D:3      | Killed Robin
  3637 | D:4      | Found a sacrificial altar of Ru.
  3797 | D:4      | Noticed Sigmund
  3826 | D:4      | HP: 5/45 [something (11)]
  4170 | D:4      | Found a shattered altar of Ashenzari.
  4170 | D:4      | Noticed a hippogriff
  4196 | D:4      | Killed a hippogriff
  4196 | D:4      | Reached skill level 8 in Short Blades
  4587 | D:4      | Noticed Pikaro's ghost (average OpAs)
  4596 | D:4      | Killed Sigmund
  4615 | D:4      | Killed Pikaro's ghost
  4615 | D:4      | Reached skill level 9 in Short Blades
  4615 | D:4      | Reached XP level 8. HP: 34/50 MP: 8/8
  5290 | D:5      | Entered Level 5 of the Dungeon
  5385 | D:5      | Found a glowing drain.
  5440 | Sewer    | Entered a sewer
  5874 | Sewer    | Reached skill level 10 in Short Blades
  5965 | Sewer    | Reached skill level 6 in Stealth
  6448 | D:5      | Reached skill level 7 in Stealth
  6783 | D:5      | Reached skill level 8 in Stealth
  6883 | D:5      | Got a shimmering rapier
  6884 | D:5      | Identified the +8 rapier "Orb Guardian's Regret" {holy, rF- MR++ Str+2 SInv} (You found it on level 5 of the Dungeon)
  6985 | D:5      | Noticed BluebellGnoll's ghost (experienced OpFE)
  6994 | D:5      | Killed BluebellGnoll's ghost
  6994 | D:5      | Reached skill level 9 in Stealth
  6994 | D:5      | Reached XP level 9. HP: 54/54 MP: 9/9
  7126 | D:5      | Reached skill level 10 in Stealth
  7318 | D:6      | Found Nrreipt's Needful Niceties.
  7594 | D:6      | Found an ancient bone altar of Kikubaaqudgha.
  7728 | D:6      | HP: 12/54 [gnoll (7)]
  8018 | D:6      | HP: 10/54 [gnoll sergeant/spear (7)]
  8020 | D:6      | Reached skill level 11 in Stealth
  8185 | D:6      | HP: 4/54 [ogre/giant club (23)]
  8597 | D:6      | Reached skill level 12 in Stealth
  8822 | D:6      | Noticed Duvessa
  8824 | D:6      | Noticed Dowan
  8844 | D:6      | Killed Duvessa
  8849 | D:6      | Killed Dowan
  8947 | D:6      | Found a staircase to the Ecumenical Temple.
  8957 | Temple   | Entered the Ecumenical Temple
  9534 | D:7      | Reached skill level 13 in Stealth
 10116 | D:7      | Found a shimmering altar of Xom.
 10262 | D:7      | Found a shimmering altar of Xom.
 10263 | D:7      | Found a shimmering altar of Xom.
 10263 | D:7      | Found a shimmering altar of Xom.
 10263 | D:7      | Found a shimmering altar of Xom.
 10349 | D:7      | Reached skill level 14 in Stealth
 10349 | D:7      | Reached XP level 10. HP: 60/60 MP: 10/10
 10449 | D:8      | Found a shadowy altar of Dithmenos.
 10469 | D:8      | Became a worshipper of Dithmenos the Shadowed
 10474 | D:8      | HP: 14/60 [orc (4)]
 10477 | D:8      | HP: 6/60 [orc/flail (9)]
 10540 | D:8      | Found a sand-covered staircase.
 10544 | Ossuary  | Entered an ossuary
 10556 | Ossuary  | HP: 1/60 [mummy (20)]
 10731 | D:8      | Found a flagged portal.
 10745 | Bailey   | Entered a bailey
 10851 | Bailey   | Noticed nataq's ghost (experienced DsAs)
 10884 | Bailey   | Killed nataq's ghost
 10884 | Bailey   | Reached skill level 15 in Stealth
 10884 | Bailey   | HP: 15/60 [orc/trident (5)]
 11129 | Bailey   | Noticed an orc knight
 11262 | Bailey   | Killed an orc knight
 11270 | Bailey   | Reached skill level 16 in Stealth
 11454 | D:8      | Found Weeckis' Antique Armour Emporium.
 11588 | D:8      | HP: 2/60 [queen ant (19)]
 11898 | D:8      | Found a basalt altar of Yredelemnul.
 12148 | D:8      | Acquired Dithmenos' first power
 12602 | D:8      | Reached skill level 17 in Stealth
 13167 | D:8      | HP: 15/60 [poisoned by a worker ant]
 13172 | D:8      | HP: 14/60 [poisoned by a worker ant]
 13179 | D:8      | HP: 14/60 [poisoned by a worker ant]
 13187 | D:8      | HP: 13/60 [poisoned by a worker ant]
 13365 | D:8      | HP: 8/60 [orc priest/divine providence (10)]
 13731 | D:8      | HP: 15/60 [poisoned by a soldier ant]
 13736 | D:8      | HP: 11/60 [poisoned by a soldier ant]
 13742 | D:8      | HP: 8/60 [poisoned by a soldier ant]
 13749 | D:8      | HP: 7/60 [poisoned by a soldier ant]
 13756 | D:8      | HP: 6/60 [poisoned by a soldier ant]
 13764 | D:8      | HP: 6/60 [poisoned by a soldier ant]
 13849 | D:8      | Reached XP level 11. HP: 24/64 MP: 11/11
 14402 | D:8      | Reached skill level 18 in Stealth
 14821 | D:8      | Acquired Dithmenos' second power
 14901 | D:8      | Gained mutation: You are partially covered in icy blue scales (AC +1). [mutagenic meat]
 15912 | D:9      | Noticed Maurice
 15916 | D:9      | Killed Maurice
 15916 | D:9      | Reached skill level 19 in Stealth
 15942 | D:9      | Found a deep blue altar of Sif Muna.
 16556 | D:10     | Entered Level 10 of the Dungeon
 16958 | D:11     | Noticed Joseph
 16974 | D:11     | Noticed BluebellGnoll's ghost (powerful OpFE)
 17078 | D:11     | Found a staircase to the Orcish Mines.
 17128 | D:11     | Acquired Dithmenos' third power
 17169 | D:11     | HP: 16/64 [poisoned by a scorpion]
 17223 | D:11     | HP: 14/64 [orc/trident (8)]
 17230 | D:11     | HP: 15/64 [orc/trident (3)]
 17236 | D:11     | HP: 11/64 [something (4)]
 17237 | D:11     | Noticed an unseen horror
 17238 | D:11     | Killed an unseen horror
 17238 | D:11     | Reached skill level 20 in Stealth
 17784 | D:11     | HP: 6/64 [BluebellGnoll's ghost/fireball (37)]
 17784 | D:11     | Killed BluebellGnoll's ghost
 18360 | D:11     | HP: 15/64 [poisoned by a green ugly thing]
 18931 | D:10     | Noticed an unseen horror
 18939 | D:10     | Killed an unseen horror
 19097 | D:10     | Noticed a hill giant
 19150 | D:10     | Noticed Gastronok
 19159 | D:10     | Killed Gastronok
 19159 | D:10     | Reached skill level 21 in Stealth
 19159 | D:10     | Reached XP level 12. HP: 38/70 MP: 12/12
 19159 | D:10     | HP: 1/70 [hill giant/giant spiked club (37)]
 19160 | D:10     | Noticed a hill giant
 19163 | D:10     | Killed a hill giant
 19519 | D:9      | HP: 17/70 [killer bee (7)]
 19522 | D:9      | HP: 7/70 [killer bee (3)]
 19527 | D:9      | HP: 6/105 [poisoned by a killer bee]
 19530 | D:9      | HP: 2/105 [poisoned by a killer bee]
 19532 | D:9      | Succumbed to a killer bee's poison

Action                   |  1- 3 |  4- 6 |  7- 9 | 10-12 || total
-------------------------+-------+-------+-------+-------++-------
Melee: Dagger            |    57 |   102 |   358 |   241 ||   758
       Rapier            |       |       |    52 |   332 ||   384
 Fire: Blowgun           |     5 |       |    36 |    70 ||   111
  Use: Scroll            |       |     3 |     6 |    19 ||    28
       Potion            |       |     2 |     5 |    17 ||    24
 Stab: Sleeping          |    11 |     9 |    37 |    43 ||   100
       Distracted        |       |     1 |     2 |     9 ||    12
       Held in net/web   |       |       |       |     1 ||     1
  Eat: Chunk             |     2 |     4 |    25 |    26 ||    57
       Bread ration      |       |       |       |     1 ||     1

Vault maps used:
D:1:      sevenhm_arrival_forest_fort_small_6
D:2:      grunt_qazlal_clouds
D:3:      okawaru_trees_1, first_bread, uniq_grinder
D:4:      ashenzari_conservatory_becter, nicolae_ru_sacrificial_ziggurat,
          hangedman_decor_push, uniq_sigmund, uniq_robin
D:5:      gup_sewer_entry_spiral, item_on_display_a
D:6:      lemuel_zombie_altar_kikubaaqudgha, minmay_temple_entry_poolview,
          nicolae_alphabet_shops, uniq_duvessa
D:7:      the_bakery, grunt_decor_mini_mirrors, xom_shifter_show
D:8:      nicolae_dithmenos_shadow_blocks, enter_bailey_3,
          nicolae_ossuary_entry_plus, serial_shops,
          nicolae_shop_overgrown_old_shop, serial_pond, minmay_pond_fungi_i,
          minmay_pond_plants_w, minmay_pond_fungi_g, basic_altar,
          minmay_misc_feat_cross, minmay_another_anthill
D:9:      lemuel_doored_altar, uniq_maurice
D:10:     dpeg_oklobed_lair, uniq_gastronok
D:11:     david_orc_2, uniq_joseph
Temple:   bh_familiar_temple
Sewer:    sewer_minmay_w
Ossuary:  ossuary_the_hunt_dpeg
Bailey:   bailey_polearm_1, bailey

Table legend:
 A = Turns spent in this place as a percentage of turns spent in the entire game.
 B = Non-inter-level travel turns spent in this place as a percentage of non-inter-level travel turns spent in the entire game.
 C = Inter-level travel turns spent in this place as a percentage of turns spent in this place.
 D = Turns resting spent in this place as a percentage of non-inter-level travel turns spent in this place.
 E = Turns spent auto-exploring this place as a percentage of non-inter-level travel turns spent in this place.
 F = Non-inter-level travel turns spent in this place divided by the number of levels of this place that you've seen.
                   A       B       C       D       E      F
               +-------+-------+-------+-------+-------+----------------------
         Total | 100.0 | 100.0 |   0.4 |   4.9 |   4.5 | 390.1
       Dungeon |  85.6 |  85.6 |   0.4 |   5.2 |   4.5 | 455.2
        Temple |   0.6 |   0.5 |   6.1 |   0.0 |  45.2 |  31.0
         Sewer |   4.3 |   4.3 |   0.0 |   7.1 |   5.5 | 254.0
       Ossuary |   2.9 |   2.9 |   0.0 |   0.0 |   0.0 | 170.0
        Bailey |   6.6 |   6.6 |   0.0 |   2.3 |   1.5 | 389.0
               +-------+-------+-------+-------+-------+----------------------

Table legend:
 A = Kills in this place as a percentage of kills in entire the game.
 B = Kills by you in this place as a percentage of kills by you in the entire game.
 C = Kills by friends in this place as a percentage of kills by friends in the entire game.
 D = Other kills in this place as a percentage of other kills in the entire game.
 E = Experience gained in this place as a percentage of experience gained in the entire game.
 F = Experience gained in this place divided by the number of levels of this place that you have seen.
                   A       B       C       D       E      F
               +-------+-------+-------+-------+-------+----------------------
         Total | 100.0 | 100.0 |  -nan | 100.0 | 100.0 | 1367.7
       Dungeon |  81.4 |  81.4 |  -nan | 100.0 |  87.8 | 1637.5
         Sewer |  11.0 |  11.0 |  -nan |   0.0 |   1.8 | 365.0
       Ossuary |   3.5 |   3.5 |  -nan |   0.0 |   1.2 | 256.0
        Bailey |   4.1 |   4.1 |  -nan |   0.0 |   9.2 | 1881.0
               +-------+-------+-------+-------+-------+----------------------
